 Dungeon Crawl Stone Soup version 0.20-a0-210-gd6c29eb (webtiles) character file.

16 deepsabbath the Firebug (level 2, 0/15 HPs)
             Began as a Deep Elf Fire Elementalist on Nov 26, 2016.
             Slain by a hobgoblin
             ... wielding a +0 club
              (5 damage)
             ... on level 1 of the Dungeon.
             The game lasted 00:01:50 (723 turns).

deepsabbath the Firebug (Deep Elf Fire Elementalist) Turns: 723, Time: 00:01:51

Health: 0/15       AC:  2    Str:  5    XL:     2   Next: 37%
Magic:  8/8        EV: 13    Int: 19    God:
Gold:   0          SH:  0    Dex: 15    Spells: 6/7 levels left

rFire  . . .     SeeInvis .     d - +3 spear
rCold  . . .     Gourm    .     a - +0 robe
rNeg   . . .     Faith    .     (no shield)
rPois  .         Spirit   .     (no helmet)
rElec  .         Reflect  .     (no cloak)
rCorr  .         Harm     .     (no gloves)
MR     .....                    (no boots)
Stlth  ++........               (no amulet)
                                (no ring)
                                (no ring)

@: no status effects
A: no striking features
a: no special abilities


You were on level 1 of the Dungeon.
You were not hungry.

You visited 1 branch of the dungeon, and saw 1 of its levels.

Inventory:

Hand Weapons
 d - a +3 spear (weapon)
   (You found it on level 1 of the Dungeon)
Armour
 a - a +0 robe (worn)
Scrolls
 e - a scroll of remove curse {unknown}
Books
 b - a book of Flames
Comestibles
 c - a bread ration {@e1}
 f - a meat ration {@e2}


   Skills:
 * Level 1.1 Polearms
 - Level 2.9 Dodging
 - Level 2.4 Stealth
 - Level 3.0 Spellcasting
 - Level 1.1 Conjurations
 - Level 3.2 Fire Magic


You had 6 spell levels left.
You knew the following spells:

 Your Spells              Type           Power        Failure   Level  Hunger
a - Flame Tongue          Conj/Fire      ##...        10%         1    None


Dungeon Overview and Level Annotations

Branches:
Dungeon (1/15)

Altars:


Message History

The rat barely misses you.
Wield which item (- for none, * to show all)? (? for menu, Esc to quit)
d - a +3 spear (weapon)
You hit the rat.
You kill the rat!
A goblin comes into view. It is wielding a dagger.
Attack whom?
Aim: a giant cockroach (clinging, resting)
You reach to attack!
The helpless giant cockroach fails to defend itself.
You hit the giant cockroach.
You kill the giant cockroach!
Attack whom?
Aim: a goblin, wielding a dagger (resting)
You reach to attack!
The helpless goblin fails to defend itself.
You hit the goblin. You closely miss the goblin.
The goblin completely misses you. x2
You hit the goblin.
You kill the goblin!
No target in view!
No target in view!
You see here a dagger.
f - a meat ration {@e2} You see here a robe.
A bat comes into view.
Attack whom?
Aim: a bat You reach to attack!
You closely miss the bat. The bat hits you.
You take 1 damage, and have 9/10 hp.
You hit the bat. The bat hits you. The bat completely misses you.
You take 1 damage, and have 8/10 hp.
Attack whom?
Aim: a bat (heavily wounded)
You reach to attack!
You hit the bat.
You kill the bat!
You have reached level 2!
You regained 4 hp, and now have 12/15 hp.
MP restored: 8 You start resting.
Health restored: 15 A rat comes into view.
The rat misses you.
You hit the rat.
You kill the rat!
No target in view!
No target in view!
e - a scroll labeled WOITIO IH POHE A hobgoblin comes into view.
It is wielding a club.
The hobgoblin shouts!
A rat comes into view.
You hit the hobgoblin but do no damage. The hobgoblin closely misses you.
You hit the hobgoblin. The hobgoblin hits you with a club!
A rat comes into view.
You take 7 damage, and have 8/15 hp.
MASSIVE DAMAGE!!
A frilled lizard comes into view.
The hobgoblin hits you with a club.
You take 3 damage, and have 7/15 hp.
The rat twitches its whiskers.
The rat twitches its whiskers.
An ooze comes into view.
The ooze quivers.
The ooze moves out of view.
You hit the ooze. The ooze closely misses you.
You hit the ooze. The ooze hits you.
You take 1 damage, and have 12/15 hp.
Attack whom?
Aim: a hobgoblin, wielding a club The ooze is in the way.
You hit the ooze but do no damage. The ooze hits you.
You take 1 damage, and have 11/15 hp.
Attack whom?
Aim: a hobgoblin, wielding a club The ooze is in the way.
You hit the ooze. The ooze barely misses you.
Attack whom?
Aim: a hobgoblin, wielding a club The ooze is in the way.
You hit the ooze.
You kill the ooze!
Your Polearms skill increases to level 1!
You closely miss the hobgoblin. The hobgoblin hits you with a club.
You take 4 damage, and have 7/15 hp.
MASSIVE DAMAGE!!
You hit the rat.
You kill the rat!
The hobgoblin hits you with a club.
You take 1 damage, and have 6/15 hp.
A frilled lizard comes into view.
The frilled lizard moves out of view.
The frilled lizard hisses angrily.
The frilled lizard hisses angrily.
The frilled lizard barely misses you.
You closely miss the frilled lizard. The frilled lizard bites you.
The hobgoblin closely misses you.
You take 1 damage, and have 7/15 hp.
You puncture the frilled lizard!
You kill the frilled lizard!
The hobgoblin hits you but does no damage.
You miss the frilled lizard. The frilled lizard bites you.
The hobgoblin hits you with a club.
You die...

#.........##.###..###....###.#.
#..$....(........##...##..#..##
#.........##....r...#.###...##
#.............#####.#.####[.#
.......(.......# #....###..#
##..r......#..## ###...#####
#.......[.#..# ##.....#
#.....######..#########..##.##
#.#... #..g@l............#
##.r######...#.#### ####
#.###... ##############.# ..#.#
#...'..........# #.# ..
#.<.##########.# .# ## #...#
#.# .# ##### #.# K# #.#


You could see a hobgoblin, a frilled lizard and a rat.

Vanquished Creatures
  An ooze (D:1)
  A dart slug (D:1)
  2 bats (D:1)
  A giant cockroach (D:1)
  A goblin (D:1)
  A frilled lizard (D:1)
  3 rats (D:1)
10 creatures vanquished.

Notes
Turn   | Place    | Note
-------+----------+-------------------------------------------
     0 | D:1      | deepsabbath the Deep Elf Fire Elementalist began the quest for the Orb.
     0 | D:1      | Reached XP level 1. HP: 10/10 MP: 6/6
   445 | D:1      | Reached XP level 2. HP: 12/15 MP: 8/8
   676 | D:1      | Reached skill level 1 in Polearms
   723 | D:1      | Slain by a hobgoblin

Vault maps used:
D:1:      dpeg_arrival_simpleton_b

Skill      XL: |  1  2 |
---------------+-------+-----
Polearms       | 1 |  1.1
Dodging        | |  2.9
Stealth        | |  2.4
Spellcasting   | |  3.0
Conjurations   | |  1.1
Fire Magic     | |  3.2

Action                   || total
-------------------------++-------
Melee: Unarmed           ||    29
       Spear             ||    21
 Stab: Sleeping          ||     2
Armor: Robe              ||    12
Dodge: Dodged            ||    40

Vault maps used:
D:1:      dpeg_arrival_simpleton_b

Table legend:
 A = Turns spent in this place as a percentage of turns spent in the entire game.
 B = Non-inter-level travel turns spent in this place as a percentage of non-inter-level travel turns spent in the entire game.
 C = Inter-level travel turns spent in this place as a percentage of turns spent in this place.
 D = Turns resting spent in this place as a percentage of non-inter-level travel turns spent in this place.
 E = Turns spent auto-exploring this place as a percentage of non-inter-level travel turns spent in this place.
 F = Non-inter-level travel turns spent in this place divided by the number of levels of this place that you've seen.
                   A       B       C       D       E      F
               +-------+-------+-------+-------+-------+----------------------
         Total | 100.0 | 100.0 |   0.0 |   2.0 |   2.0 | 307.0
       Dungeon | 100.0 | 100.0 |   0.0 |   2.0 |   2.0 | 307.0
               +-------+-------+-------+-------+-------+----------------------

Table legend:
 A = Kills in this place as a percentage of kills in entire the game.
 B = Kills by you in this place as a percentage of kills by you in the entire game.
 C = Kills by friends in this place as a percentage of kills by friends in the entire game.
 D = Other kills in this place as a percentage of other kills in the entire game.
 E = Experience gained in this place as a percentage of experience gained in the entire game.
 F = Experience gained in this place divided by the number of levels of this place that you have seen.
                   A       B       C       D       E      F
               +-------+-------+-------+-------+-------+----------------------
         Total | 100.0 | 100.0 |  -nan |  -nan | 100.0 |  23.0
       Dungeon | 100.0 | 100.0 |  -nan |  -nan | 100.0 |  23.0
               +-------+-------+-------+-------+-------+----------------------
